Map: Cactus Valley LE (Void)

Players

Yeezus

  • Race: Zerg Zerg
  • League: Master
  • Spawn Location: 1:00

Railgan - Winner!

  • Race: Zerg Zerg
  • League: Grandmaster
  • Spawn Location: 11:00

VOD

Have the link to the VOD?

Description

Time

  • Played on: March 12, 2017, 7:11 p.m.
  • Length: 13:10
Show
View Real Time Build Order
Export as new Build Order

Yeezus Zerg 

Build Orders: Pool First 

Get SALT Encoding   

  12  0:01  Drone  
  13  0:08  Drone  
  14  0:18  Overlord  
  14  0:23  Extractor, Drone  
  15  0:36  Drone x2  
  15  0:38  Extractor  
  16  0:44  Drone  
  17  0:51  Spawning Pool  
  17  0:56  Drone  
  17  1:18  Hatchery  
  17  1:24  Drone  
  17  1:38  Metabolic Boost  
  17  1:42  Queen  
  19  1:49  Overlord  
  19  1:53  Zergling x2  
  20  1:55  Zergling x2  
  20  2:00  Zergling x2  
  22  2:11  Zergling x2  
  23  2:18  Queen  
  23  2:22  Zergling x2  
  26  2:31  Zergling x2, Queen  
  29  2:41  Baneling Nest  
  29  2:43  Drone  
  29  2:44  Drone  
  30  2:50  Drone x2  
  31  3:09  Drone x5  
  35  3:17  Spine Crawler  
  34  3:20  Overlord  
  34  3:27  Zergling x2  
  35  3:38  Drone  
  36  3:43  Roach Warren  
  36  3:47  Baneling x2  
  35  3:49  Drone  
  35  3:50  Drone x4  
  35  3:55  Drone, Overlord  
  40  3:56  Drone  
  42  4:05  Drone x2  
  44  4:17  Extractor, Drone  
  44  4:18  Drone x3  
  47  4:30  Zergling x10  
  52  4:47  Evolution Chamber, Overlord x2  
  50  5:06  Drone x4  
  53  5:13  Extractor, Zerg Missile Weapons Level 1  
  50  5:16  Roach x6  
  62  5:22  Roach x2  
  62  5:24  Overlord  
  62  5:25  Overlord  
  64  5:39  Roach x2  
  67  5:49  Lair  
  62  5:50  Zergling x10  
  60  6:06  Roach  
  60  6:07  Roach x2  
  60  6:10  Drone  
  55  6:19  Roach x2  
  55  6:20  Roach x2  
  55  6:25  Drone x2  
  63  6:36  Drone x2  
  65  6:40  Spine Crawler  
  64  6:50  Ravager  
  65  6:54  Roach  
  65  6:55  Hatchery, Roach  
  68  7:04  Zergling x4  
  70  7:10  Overlord x4  
  62  7:38  Roach  
  62  7:39  Roach x5  
  66  7:50  Roach x2  
  58  7:54  Pneumatized Carapace  
  53  8:06  Roach x2  
  57  8:15  Roach x2  
  61  8:26  Roach x5  
  69  8:28  Zergling x6  
  72  8:37  Zergling x4  
  72  8:39  Zergling x6  
  77  8:46  Spine Crawler  
  76  8:49  Zergling x4  
  78  9:00  Roach x2  
  74  9:08  Glial Reconstitution  
  72  9:10  Zergling x8  
  72  9:11  Baneling  
  72  9:12  Baneling x2, Queen  
  72  9:15  Zergling x6  
  72  9:16  Ravager  
  82  9:25  Roach  
  82  9:26  Roach  
  86  9:37  Zergling x8  
  86  9:43  Ravager  
  84  9:56  Roach x3  
  84  9:57  Roach x3  
  90  10:01  Baneling x2  
  88  10:15  Roach x4  
  77  10:31  Roach  
  77  10:32  Roach x3  
  74  10:40  Ravager  
  75  10:47  Ravager  
  76  10:56  Zergling x12  
  76  10:57  Zergling x4  
  79  11:04  Ravager  
  79  11:09  Roach  
  79  11:10  Roach x2  
  83  11:24  Roach x3  
  86  11:32  Roach  
  83  11:42  Zergling x8  
  81  11:59  Zergling x10  
  72  12:14  Zergling x2  
  72  12:15  Zergling x6  
  66  12:31  Zergling x2  
  66  12:32  Zergling x6  
  60  12:51  Zergling x10  
Show
View Real Time Build Order
Export as new Build Order

Railgan Zerg - Winner!

Build Orders: Pool First 

Get SALT Encoding   

  12  0:01  Drone  
  13  0:12  Overlord  
  13  0:18  Drone  
  14  0:31  Drone x2  
  14  0:34  Drone  
  17  0:48  Spawning Pool  
  17  0:49  Drone  
  17  0:56  Drone  
  18  1:15  Extractor, Hatchery  
  18  1:18  Drone  
  17  1:21  Drone  
  18  1:32  Drone  
  19  1:36  Queen  
  21  1:44  Spine Crawler  
  21  1:46  Zergling x2  
  21  1:50  Drone  
  22  2:02  Overlord  
  22  2:15  Baneling Nest  
  21  2:16  Drone  
  21  2:20  Queen  
  24  2:24  Zergling x2  
  24  2:27  Drone  
  26  2:32  Queen  
  26  2:35  Drone  
  29  2:43  Zergling x2  
  30  2:47  Zergling x2  
  31  2:53  Overlord  
  31  2:57  Zergling x2  
  31  2:58  Baneling x4  
  32  3:02  Zergling x2  
  33  3:07  Drone  
  32  3:18  Drone x4  
  36  3:24  Metabolic Boost  
  36  3:32  Drone x2  
  37  3:37  Drone  
  37  3:38  Drone x2  
  40  3:48  Roach Warren  
  39  3:51  Overlord  
  39  3:54  Drone  
  40  3:55  Extractor  
  40  3:57  Drone  
  40  4:05  Overlord  
  40  4:06  Drone  
  40  4:08  Drone  
  42  4:10  Overlord  
  42  4:22  Overlord  
  42  4:27  Roach x4  
  42  4:28  Roach  
  42  4:31  Roach  
  54  4:34  Roach  
  58  4:38  Roach  
  58  4:40  Roach  
  58  4:43  Roach  
  62  4:47  Roach  
  62  4:52  Baneling, Zergling x4  
  66  4:55  Zergling x2  
  66  4:58  Zergling x4  
  66  4:59  Baneling x2  
  67  5:11  Zergling x6  
  67  5:12  Zergling x6  
  67  5:13  Baneling  
  73  5:16  Zergling x4  
  73  5:20  Baneling x2  
  73  5:21  Overlord  
  75  5:25  Zergling x2  
  76  5:29  Overlord  
  75  5:41  Roach x4  
  79  5:48  Zergling x8  
  69  6:05  Zergling x2  
  69  6:06  Zergling x2  
  69  6:09  Zergling x2  
  69  6:10  Zergling x6  
  67  6:11  Roach  
  58  6:31  Roach x4  
  63  6:40  Ravager x3  
  63  6:42  Zergling x16  
  74  6:47  Ravager  
  75  6:54  Baneling  
  75  6:59  Zergling x4  
  77  7:09  Zergling x4  
  77  7:11  Baneling x2  
  77  7:12  Baneling x2, Overlord  
  79  7:18  Roach, Zergling x2  
  79  7:19  Zergling x8  
  83  7:26  Zergling x2  
  81  7:36  Zergling x2  
  69  7:42  Roach x4  
  72  7:44  Zergling x2  
  72  7:47  Zergling x2  
  72  7:48  Zergling x2  
  71  7:51  Zergling x2  
  71  7:52  Zergling x2  
  72  8:05  Roach x2  
  74  8:06  Zergling x2  
  74  8:08  Ravager  
  74  8:09  Zergling x2  
  74  8:10  Zergling x4  
  77  8:14  Extractor  
  77  8:15  Zergling x2  
  74  8:24  Zergling x2  
  74  8:25  Zergling x8  
  75  8:32  Ravager  
  75  8:33  Ravager x2  
  79  8:34  Zergling x2  
  79  8:37  Zergling x6  
  79  8:38  Drone  
  82  8:46  Roach  
  84  8:49  Zergling x2  
  84  8:53  Roach  
  84  8:54  Roach x2  
  84  8:55  Hatchery  
  74  9:02  Roach  
  74  9:03  Roach  
  74  9:08  Zergling x6  
  75  9:11  Ravager  
  75  9:12  Ravager  
  75  9:13  Zergling x4  
  79  9:24  Zergling x10  
  83  9:36  Zergling x4  
  83  9:40  Ravager x3, Zergling x4  
  83  9:41  Zergling x2  
  86  9:59  Ravager x2  
  87  10:00  Zergling x12  
  89  10:17  Zergling x2  
  89  10:20  Zergling x2  
  83  10:22  Roach  
  83  10:23  Roach x5  
  83  10:24  Zergling x2  
  92  10:29  Zergling x2  
  92  10:32  Zergling x4  
  92  10:33  Ravager  
  92  10:35  Zergling x2  
  93  10:39  Zergling x2  
  92  10:46  Zergling x6  
  94  10:52  Zergling x8  
  92  10:57  Zergling x6  
  92  10:59  Ravager  
  92  11:02  Zergling x2  
  94  11:09  Drone x2  
  96  11:12  Ravager x3  
  96  11:13  Ravager  
  96  11:14  Zergling x2  
  96  11:18  Zergling x2  
  101  11:22  Zergling x2  
  101  11:23  Zergling x2  
  100  11:29  Zergling x2  
  95  11:34  Zergling x2  
  95  11:36  Roach x3  
  99  11:42  Zergling x2  
  99  11:44  Zergling x2  
  99  11:47  Zergling x6  
  99  11:49  Zergling x2  
  99  11:50  Zergling x2  
  102  11:57  Zergling x6  
  102  12:07  Roach x2  
  99  12:10  Zergling x2  
  99  12:15  Zergling x4  
  100  12:21  Zergling x2  
  100  12:26  Zergling x2  
  100  12:32  Zergling x2  
  92  12:44  Zergling x2  
  92  12:49  Zergling x4  
Tags
 
Add a new tag
Caveats
  • Supply blocks, unpowered buildings, or Contaminate may cause inaccurate times.
  • Supply counts are checked every 10 seconds.